 Dungeon Crawl Stone Soup version 0.24.0-13-gcf9b319 (webtiles) character file.

Game seed: 8541757410660111285, levelgen mode: deterministic

24 Boetheseconed the Magician (level 3, -2/28 HPs)
             Began as a Gnoll Wanderer on Dec 14, 2019.
             Slain by a gnoll
             ... wielding a +0 whip
              (3 damage)
             ... on level 2 of the Dungeon.
             The game lasted 00:03:14 (759 turns).

Boetheseconed the Magician (Gnoll Wanderer)          Turns: 759, Time: 00:03:14

Health: -2/28      AC:  2    Str: 13    XL:     3   Next: 2%
Magic:  1/9        EV: 13    Int: 13    God:
Gold:   15         SH:  0    Dex: 17    Spells: 10/11 levels left

rFire    . . .     SeeInvis .   a - +0 dagger
rCold    . . .     Gourm    .   (no shield)
rNeg     . . .     Faith    .   d - +0 robe
rPois    .         Spirit   .   (no helmet)
rElec    .         Reflect  .   (no cloak)
rCorr    .         Harm     .   (no gloves)
MR       .....                  (no boots)
Stlth    ++........             (no amulet)
HPRegen  0.09/turn              (no ring)
MPRegen  0.11/turn              (no ring)

@: hasted, very quick
A: distributed training, fangs 1, strong nose
a: no special abilities


You were on level 2 of the Dungeon.
You were not hungry.

You visited 1 branch of the dungeon, and saw 2 of its levels.

You collected 15 gold pieces.

Inventory:

Hand Weapons
 a - a +0 dagger (weapon)
Armour
 d - a +0 robe (worn)
Wands
 e - a wand of enslavement (15)
Scrolls
 c - a scroll of amnesia {unknown}
 h - a scroll of enchant weapon {unknown}
 i - a scroll of fear {unknown}
Comestibles
 b - 4 chunks of flesh
 f - 3 rations


   Skills:
 + Level 2.5 Fighting
 + Level 2.5 Short Blades
 + Level 0.5 Long Blades
 + Level 0.5 Axes
 + Level 0.5 Maces & Flails
 + Level 0.5 Polearms
 + Level 0.5 Staves
 + Level 0.5 Slings
 + Level 0.5 Bows
 + Level 0.5 Crossbows
 + Level 0.5 Throwing
 + Level 0.5 Armour
 + Level 2.5 Dodging
 + Level 0.5 Stealth
 + Level 0.5 Shields
 + Level 0.5 Unarmed Combat
 + Level 4.9 Spellcasting
 + Level 0.4 Conjurations
 + Level 0.4 Hexes
 + Level 0.4 Charms
 + Level 0.4 Summonings
 + Level 2.0 Necromancy
 + Level 0.4 Translocations
 + Level 0.4 Transmutations
 + Level 3.7 Fire Magic
 + Level 0.4 Ice Magic
 + Level 0.4 Air Magic
 + Level 0.4 Earth Magic
 + Level 0.4 Poison Magic
 + Level 0.7 Invocations
 + Level 4.5 Evocations


You had 10 spell levels left.
You knew the following spells:

 Your Spells              Type           Power        Failure   Level  Hunger
a - Sting                 Conj/Pois      #...         16%         1    None

Your spell library contained the following spells:

 Spells                   Type           Power        Failure   Level  Hunger
 Corpse Rot               Necr           N/A          12%         2    ##.....
 Sublimation of Blood     Necr           #.........   12%         2    ##.....
 Ignite Poison            Fire/Tmut/Pois #.......     30%         3    ###....


Dungeon Overview and Level Annotations

Branches:
Dungeon (2/15)

Altars:


Innate Abilities, Weirdness & Mutations

Your experience applies equally to all skills.
You have very sharp teeth.
Your uncanny sense of smell can sniff out nearby items.


Message History

Confirm with . or Enter, or press ? or * to list all spells.
Aiming: Sting (safe; 16% risk of failure)
Press: ? - help, Shift-Dir - straight line, f/p - gnoll
Aim: a gnoll, wielding a +0 halberd The sting hits the gnoll.
The gnoll is poisoned.
The gnoll is lightly wounded.
You hit the gnoll but do no damage.
The gnoll is moderately wounded.
The gnoll hits you from afar with a +0 halberd!
The gnoll hits you with a +0 whip. As you open the door, it creaks loudly!
The gnoll looks more healthy.
The gnoll hits you with a +0 whip.
* * * LOW HITPOINT WARNING * * *
The gnoll hits you from afar with a +0 halberd.
* * * LOW HITPOINT WARNING * * *
The hobgoblin closely misses you.
Found 10 gold pieces.
It was a potion of haste.
You feel yourself speed up. The gnoll hits you with a +0 whip.
You die...

.......#.#.#....#
.######......##.#
#....#.#.####.#
####.........###$#
....÷...#.#.#..#.#
.............#.#.#
......<.#.#.##.#.# .#
.........#####'#'##...##
....###### #...@g.....#
.... #...g.#.†..# ##+#
#.....g....#
#.....g..... #.....#...#
#......#.#..
#.(.#...#... .....#..#..


You could see 3 gnolls and a hobgoblin.

Vanquished Creatures
  A dart slug (D:1)
  2 leopard geckos
  2 ball pythons
  2 giant cockroaches
  2 goblins (D:1)
  2 hobgoblins
  2 kobolds
  2 bats
  3 frilled lizards
  A rat (D:1)
19 creatures vanquished.

Vanquished Creatures (others)
  4 toadstools (D:2)
4 creatures vanquished.

Grand Total: 23 creatures vanquished

Notes
Turn   | Place    | Note
-------+----------+-------------------------------------------
     0 | D:1      | Boetheseconed the Gnoll Wanderer began the quest for the
                  | Orb.
     0 | D:1      | Boetheseconed set off with the following items: a +0
                  | dagger, a +0 robe, a wand of enslavement (15), a ration;
                  | and the following spell memorised: Sting; and the following
                  | spells available to memorise: Corpse Rot, Sublimation of
                  | Blood, Ignite Poison
     0 | D:1      | Reached XP level 1. HP: 17/17 MP: 6/6
   204 | D:1      | Reached XP level 2. HP: 19/23 MP: 1/7
   286 | D:1      | You fall into a shaft and drop 1 floor!
   726 | D:2      | Reached XP level 3. HP: 23/28 MP: 1/9
   758 | D:2      | HP: 1/28 [gnoll/+0 halberd (4)]
   759 | D:2      | Slain by a gnoll

Levels and vault maps discovered:
D:1:      grunt_arrival_lava_bath, layout_basic, st_stairs_3
D:2:      layout_basic, lemuel_crystal_altar, st_stairs_13,
          minmay_splitting_lines, minmay_gold_behind_fungi, moated_statue

Skill      XL: |  1 |
---------------+----+-----
Necromancy     | 2 |  2.0
Fighting       | |  2.5
Short Blades   | |  2.5
Long Blades    | |  0.5
Axes           | |  0.5
Maces & Flails | |  0.5
Polearms       | |  0.5
Staves         | |  0.5
Slings         | |  0.5
Bows           | |  0.5
Crossbows      | |  0.5
Throwing       | |  0.5
Armour         | |  0.5
Dodging        | |  2.5
Stealth        | |  0.5
Shields        | |  0.5
Unarmed Combat | |  0.5
Spellcasting   | |  4.9
Conjurations   | |  0.4
Hexes          | |  0.4
Charms         | |  0.4
Summonings     | |  0.4
Translocations | |  0.4
Transmutations | |  0.4
Fire Magic     | |  3.7
Ice Magic      | |  0.4
Air Magic      | |  0.4
Earth Magic    | |  0.4
Poison Magic   | |  0.4
Invocations    | |  0.7
Evocations     | |  4.5

Action                   || total
-------------------------++-------
Melee: Dagger            ||    65
       Bite              ||     4
 Cast: Sting             ||    30
  Use: Potion            ||     1
Armor: Robe              ||    22
Dodge: Dodged            ||    65
